 Dungeon Crawl Stone Soup version 0.30-a0-778-g2ef04afb54 (webtiles) character file.

Game seed: 235571936603965454

427 NotreDorf the Poker (level 6, -2/48 HPs)
             Began as a Merfolk Gladiator on Feb 17, 2023.
             Slain by a sky beast (6 damage)
             ... on level 4 of the Dungeon.
             The game lasted 00:11:23 (2558 turns).

NotreDorf the Poker (Merfolk Gladiator)             Turns: 2558, Time: 00:11:24

Health: -2/48      AC:  4    Str: 16    XL:     6   Next: 97%
Magic:  8/8        EV: 14    Int:  7    God:
Gold:   198        SH:  4    Dex: 16    Spells: 5/8 levels left

rFire   . . .      SeeInvis .    a - +0 trident
rCold   . . .      Faith    .    i - +0 buckler
rNeg    . . .      Spirit   .    b - +0 leather armour
rPois   .          Reflect  .    c - +0 helmet
rElec   .          Harm     .    (no cloak)
rCorr   .          Rampage  .    (no gloves)
Will    .....                    (no boots)
Stlth   +                        (no amulet)
HPRegen 0.28/turn                (no ring)
MPRegen 0.11/turn                (no ring)

@: no status effects
A: (nimble swimmer 2), mertail
a: no special abilities


You were on level 4 of the Dungeon.
You visited 1 branch of the dungeon, and saw 4 of its levels.

You collected 198 gold pieces.

Inventory:

Hand Weapons
 a - a +0 trident (weapon)
Missiles
 d - 3 throwing nets (quivered)
 e - 4 javelins
Armour
 b - a +0 leather armour (worn)
 c - a +0 helmet (worn)
 i - a +0 buckler (worn)
Jewellery
 j - a ring of poison resistance
 k - a ring of protection from cold
Wands
 r - a wand of flame (13)
Scrolls
 g - a scroll of silence {unknown}
 m - 2 scrolls of teleportation {unknown}
 o - a scroll of enchant armour {unknown}
 p - a scroll of identify {unknown}
Potions
 f - a potion of lignification {unknown}
 h - 2 potions of brilliance {unknown}
 l - a potion of curing {unknown}
 n - 3 potions of flight {unknown}
 q - a potion of haste {unknown}


   Skills:
 + Level 3.9 Fighting
 + Level 5.7 Polearms
 - Level 2.0 Throwing
 + Level 5.5 Dodging
 + Level 2.0 Shields
 + Level 1.6 Spellcasting
 + Level 2.7 Transmutations
 + Level 2.0 Ice Magic


You had 5 spell levels left.
You knew the following spells:

 Your Spells              Type           Power      Damage    Failure   Level
a - Passwall              Tmut/Erth      1%         N/A       50%         2
b - Freeze                Ice            12%        1d3       28%         1

Your spell library contained the following spells:

 Spells                   Type           Power      Damage    Failure   Level
 Magic Dart               Conj           0%         1d3       56%         1
 Sandblast                Erth           0%         2d4       56%         1
 Frozen Ramparts          Ice            6%         1d1       65%         3
 Call Imp                 Summ           0%         N/A       71%         2
 Hailstorm                Conj/Ice       2%         3d3       78%         3
 Mephitic Cloud           Conj/Pois/Air  0%         N/A       90%         3
 Stone Arrow              Conj/Erth      0%         3d7       90%         3
 Vhi's Electric Charge    Tloc/Air       0%         N/A       90%         3
 Arcjolt                  Conj/Air       0%         1d10      100%        5


Dungeon Overview and Level Annotations

Branches:
Dungeon (4/15)
 Temple: D:4-7

Altars:


Innate Abilities, Weirdness & Mutations

((You are very nimble when in or above water. (Stealth+, EV+, Speed+++)))
Your lower body shifts to a powerful aquatic tail in water.


Message History

The helpless ball python fails to defend itself.
You hit the ball python.
You kill the ball python!
The sky beast flickers out of sight!
Deactivating autopickup; reactivate with Ctrl-A.
No target in view!
You barely miss something. Something hits you. Something shocks you.
You miss something. Something hits you. Something shocks you.
You puncture something! Something completely misses you.
You closely miss something. Something hits you but does no damage.
You closely miss something. Something closely misses you.
You barely miss something. Something hits you but does no damage.
You hit something but do no damage. Something hits you. Something shocks you.
You hit something. Something hits you. Something shocks you.
You hit something but do no damage. You block something's attack.
You barely miss something. Something hits you but does no damage.
You miss something. Something hits you but does no damage.
You hit something. Something hits you but does no damage.
You block something's attack.
You miss something. Something barely misses you.
You hit something. Something hits you. Something shocks you.
* * * LOW HITPOINT WARNING * * *
You barely miss something. Something hits you.
* * * LOW HITPOINT WARNING * * *
Something shocks you.
* * * LOW HITPOINT WARNING * * *
A sky beast appears from thin air!
Reactivating autopickup.
There is a stone staircase leading up here.
Aiming: Throw Flame
Press: ? - help, Shift-Dir - straight line, f - sky beast
Aim: a sky beast (heavily wounded, 56% to hit)
The puff of flame hits the sky beast!
The sky beast is almost dead.
The sky beast flickers out of sight!
Deactivating autopickup; reactivate with Ctrl-A.
Something hits you.
* * * LOW HITPOINT WARNING * * *
Something shocks you.
You die...

....#....##...........
..##..#.......#.......
......................
.....##...............
...##.................
......######.##......
.####.####..<....#.##
. #...##.......# .
###..#.....{@#
#.######.#.......#
................#
###..............# #
#..............#
.........>.......#
###....###.......# #
####. ........# # ##
.###.####


There were no monsters in sight!

Vanquished Creatures
  Sigmund (D:4)
  An ogre (D:3)
  A hound (D:4)
  Jessica (D:2)
  7 adders
  A worm (D:4)
  2 dart slugs
  2 orcs (D:3)
  9 ball pythons
  6 bats
  8 endoplasms
  7 giant cockroaches
  2 goblins
  7 hobgoblins
  5 kobolds
  2 quokkas (D:1)
  6 rats
68 creatures vanquished.

Notes
Turn   | Place    | Note
-------+----------+-------------------------------------------
     0 | D:1      | NotreDorf the Merfolk Gladiator began the quest for the
                  | Orb.
     0 | D:1      | Reached XP level 1. HP: 16/16 MP: 1/1
    55 | D:1      | Reached XP level 2. HP: 23/23 MP: 2/2
   371 | D:1      | Reached XP level 3. HP: 26/28 MP: 3/3
   871 | D:2      | Got the Tome of the Atmosphere
   912 | D:2      | Reached XP level 4. HP: 35/35 MP: 4/4
   986 | D:2      | Learned a level 2 spell: Passwall
  1111 | D:2      | Noticed Jessica
  1113 | D:2      | Killed Jessica
  1114 | D:2      | Reached skill level 5 in Polearms
  1235 | D:3      | Reached skill level 1 in Shields
  1272 | D:3      | Learned a level 1 spell: Freeze
  1289 | D:3      | Reached skill level 5 in Dodging
  1434 | D:3      | Noticed an ogre
  1442 | D:3      | Killed an ogre
  1443 | D:3      | Reached skill level 1 in Transmutations
  1443 | D:3      | Reached skill level 1 in Ice Magic
  1443 | D:3      | Reached XP level 5. HP: 41/41 MP: 4/6
  1528 | D:3      | Reached skill level 1 in Spellcasting
  1986 | D:3      | Reached XP level 6. HP: 47/47 MP: 7/7
  2326 | D:4      | Noticed Sigmund
  2332 | D:4      | Killed Sigmund
  2535 | D:4      | Noticed a sky beast
  2558 | D:4      | Slain by a sky beast

Illustrated notes

Levels and vault maps discovered:
D:1:      saegor_arrival_miasma, layout_basic
D:2:      layout_basic, uniq_jessica
D:3:      wad_pebble_path, layout_basic
D:4:      layout_rooms, uniq_sigmund

Skill      XL: |  1  2  3  4  5  6 |
---------------+-------------------+-----
Fighting       | 3 |  3.9
Polearms       | 5 |  5.7
Shields        | 1 2 |  2.0
Dodging        | 5 |  5.5
Transmutations | 1 2 |  2.7
Ice Magic      | 1 2 |  2.0
Spellcasting   | 1 |  1.6
Throwing       | |  2.0

Action                     |  1- 3 |  4- 6 || total
---------------------------+-------+-------++-------
  Melee: Trident           |    90 |   135 ||   225
   Cast: Freeze            |       |     3 ||     3
  Evoke: Wand              |       |     7 ||     7
   Stab: Sleeping          |     4 |     3 ||     7
         Distracted        |     1 |     1 ||     2
 Armour: Leather armour    |    21 |    24 ||    45
  Dodge: Dodged            |    56 |    53 ||   109
  Block: Buckler           |     3 |    31 ||    34

Table legend: (Time is in decaauts)
 A = Elapsed time spent in this place.
 B = Non-inter-level travel time spent in this place.
 C = Inter-level travel time spent in this place.
 D = Time resting spent in this place.
 E = Time spent auto-exploring this place.
 F = Levels seen in this place.
 G = Mean time per level.
                   A        B        C        D        E       F      G
               +--------+--------+--------+--------+--------+-----+--------+
         Total |   2577 |   2505 |     72 |      0 |   1980 |   4 |  644.2 |
       Dungeon |   2577 |   2505 |     72 |      0 |   1980 |   4 |  644.2 |
               +--------+--------+--------+--------+--------+-----+--------+

Top non-repeatable levels by time:
     D:3: 935 daAuts
     D:1: 781 daAuts
     D:2: 442 daAuts
     D:4: 417 daAuts
